WCHLSIM.com - West Coast Hockey League
html PUBLIC "-//W3C//DTD XHTML 1.0 Transitional//EN" "http://www.w3.org/TR/xhtml1/DTD/xhtml1-transitional.dtd"> WCHL - Game 846 - ANCHORAGE ACES vs ANAHEIM OUTLAWS

ANCHORAGE ACES vs ANAHEIM OUTLAWS

Created - 17 février 2020 at 18:22

Goals
1 2 3 OT1 SO T
ANCHORAGE ACES 1 0 1 0 0 2
ANAHEIM OUTLAWS 0 0 2 0 1 3
Shots
1 2 3 OT1 SO T
ANCHORAGE ACES 5 9 10 4 3 28
ANAHEIM OUTLAWS 7 5 5 0 3 17

1st period

1. ANCHORAGE ACES , Leon Draisaitl 34 (Ryan Suter 30) at 17:59

Penalties :
Jakob Silfverberg (ANC) for High sticking (Minor) at 12:05, Ryan Suter (ANC) for Hooking (Minor) at 19:04

2nd period

No Goal

Penalties :
Josh Archibald (ANC) for Hooking (Minor) at 4:08, Chris Kreider (ANC) for Goalie Interference (Minor) at 18:56

3rd period

2. ANCHORAGE ACES , Tyler Bozak 10 (Josh Archibald 15, Frank Vatrano 16) at 5:48
3. ANAHEIM OUTLAWS , Jonathan Drouin 15 (Adrian Kempe 10, Duncan Keith 24) at 8:13
4. ANAHEIM OUTLAWS , Jonathan Drouin 16 (Morgan Rielly 30, Adrian Kempe 11) at 17:25

Penalties :
Connor McDavid (ANC) for Roughing (Minor) at 1:02, Nicholas Ritchie (ANA) for Roughing (Minor) at 13:12, Frederik Gauthier (ANA) for Tripping (Minor) at 19:34

Overtime #1

No Goal

Penalties :
No Penalty

Shootout

ANCHORAGE ACES, Connor McDavid - Stopped by Mackenzie Blackwood
ANAHEIM OUTLAWS, Jonathan Drouin - Shot Misses the Net
ANCHORAGE ACES, Nathan MacKinnon - Stopped by Mackenzie Blackwood
ANAHEIM OUTLAWS, Ryan Callahan - Shot Misses the Net
ANCHORAGE ACES, Leon Draisaitl - Stopped by Mackenzie Blackwood
ANAHEIM OUTLAWS, Kevin Fiala - Goal!

Penalties :
No Penalty

Goalie Stats

Martin Jones (ANC), 15 saves from 17 shots - (0,882), OTL, 34-8-6, 65:00 minutes
Mackenzie Blackwood (ANA), 26 saves from 28 shots - (0,929), W, 7-9-2, 65:00 minutes

Players Stats for ANCHORAGE ACES

Player Name              G  A  P  +/- PIM S  H  SB GA TA FO     MP     PP MP  PK MP  
------------------------------------------------------------------------------------
Andrew Cogliano          0  0  0  -1  0   1  0  0  0  0  0/0     8:44   0:00   1:19 
Ben Chiarot              0  0  0   1  0   1  2  1  0  0  0/0    21:15   0:59   4:24 
Cal Clutterbuck          0  0  0  -1  0   0  0  0  0  0  0/0     9:14   0:00   1:49 
Chris Kreider            0  0  0   1  2   2  1  0  0  0  0/1    17:14   1:25   0:00 
Connor McDavid           0  0  0   0  2   1  0  0  0  0  3/4    19:37   1:25   0:00 
Darnell Nurse            0  0  0  -1  0   3  0  1  0  0  0/0    19:36   0:59   0:34 
Deryk Engelland          0  0  0  -1  0   0  0  1  0  0  0/0    21:14   0:00   4:57 
Frank Vatrano            0  1  1   0  0   1  0  0  0  0  0/0    11:36   0:59   0:00 
Jacob Trouba             0  0  0   0  0   0  0  1  0  0  0/0    23:41   1:25   5:16 
Jakob Silfverberg        0  0  0   1  2   2  0  1  0  0  0/0    19:58   0:59   4:34 
Joonas Donskoi           0  0  0   0  0   0  1  0  0  0  0/0    15:13   0:00   0:00 
Josh Archibald           0  1  1   0  2   3  0  0  0  0  0/0    13:32   0:00   2:56 
Leon Draisaitl           1  0  1   1  0   4  0  0  0  0  8/12   17:51   1:25   0:00 
Nate Thompson            0  0  0  -1  0   0  0  0  0  0  5/7    11:08   0:00   3:43 
Nathan MacKinnon         0  0  0   0  0   7  1  0  0  0  10/16  19:01   0:59   0:00 
Niklas Hjalmarsson       0  0  0   1  0   0  0  1  0  0  0/0    21:16   0:00   4:39 
Ryan Suter               0  1  1   0  2   1  1  0  0  0  0/0    19:31   1:25   0:00 
Tyler Bozak              1  0  1   0  0   2  0  0  0  0  16/23  16:53   0:00   5:29 

Players Stats for ANAHEIM OUTLAWS

Player Name              G  A  P  +/- PIM S  H  SB GA TA FO     MP     PP MP  PK MP  
------------------------------------------------------------------------------------
Adrian Kempe             0  2  2   2  0   0  0  0  0  0  5/9    14:51   0:00   0:55 
Duncan Keith             0  1  1   0  0   1  3  1  0  0  0/0    21:39   5:18   0:37 
Frederik Gauthier        0  0  0   2  2   0  2  0  0  0  0/0    13:55   0:00   0:00 
Garnet Hathaway          0  0  0  -1  0   0  2  0  0  0  4/15   17:58   4:51   0:00 
John Tavares             0  0  0  -2  0   2  0  0  0  0  2/4    25:24   4:51   1:07 
Jonathan Audy-Marchessau 0  0  0  -1  0   1  0  0  0  0  2/6     6:38   0:07   0:00 
Jonathan Drouin          2  0  2   2  0   3  0  0  0  0  0/2    19:23   5:04   1:00 
Keith Yandle             0  0  0   0  0   2  1  0  0  0  0/0    25:14   5:52   2:04 
Kevin Fiala              0  0  0   0  0   2  0  0  0  0  3/14   22:25   4:44   0:00 
Mark Borowiecki          0  0  0   0  0   0  4  3  0  0  0/0    18:05   0:34   0:49 
Matt Duchene             0  0  0   0  0   2  0  1  0  0  0/3    16:45   0:00   0:00 
Maxime Lajoie            0  0  0   0  0   0  0  0  0  0  0/0    17:47   0:00   1:05 
Michael Rasmussen        0  0  0  -1  0   1  0  0  0  0  2/4    18:54   5:04   1:15 
Morgan Rielly            0  1  1   0  0   2  0  0  0  0  0/0    22:47   4:03   1:37 
Nicholas Ritchie         0  0  0   0  2   0  1  0  0  0  0/0    16:39   0:00   0:00 
Robert Bortuzzo          0  0  0   0  0   0  1  0  0  0  0/0    21:02   4:03   1:44 
Ryan Callahan            0  0  0  -1  0   1  1  1  0  0  3/6    13:08   5:04   2:05 
Thomas Hickey            0  0  0   0  0   0  0  0  0  0  0/0     0:00   0:00   0:00 

3 Stars

1 - Jonathan Drouin (ANA)
2 - Adrian Kempe (ANA)
3 - Leon Draisaitl (ANC)

Power Play

ANCHORAGE ACES - 0 on 2 Attempt(s) - 0,00%
ANAHEIM OUTLAWS - 0 on 5 Attempt(s) - 0,00%

Penalty Kill

ANCHORAGE ACES - 5 on 5 Attempt(s) - 100,00% - Score 0 goal in Penalty Kill
ANAHEIM OUTLAWS - 2 on 2 Attempt(s) - 100,00% - Score 0 goal in Penalty Kill

Team Stat

ANCHORAGE ACES - Hits : 6 - Faceoff Wins : 42 - Blocked Shots : 6 - Penalty Minutes : 10
ANAHEIM OUTLAWS - Hits : 15 - Faceoff Wins : 21 - Blocked Shots : 6 - Penalty Minutes : 4

Official

Referees : Kelly Sutherland and Darcy Burchell
Linesman : Brent Colby and Paul Carnathan

Game Notes

No Game Note

Finance

Level 1 -- Attendance: 6500 (100,00%) -- Ticket Income 702 000 $
Level 2 -- Attendance: 5500 (100,00%) -- Ticket Income 390 500 $
Level 3 -- Attendance: 2500 (100,00%) -- Ticket Income 107 500 $
Level 4 -- Attendance: 5000 (100,00%) -- Ticket Income 135 000 $
Luxury Box -- Attendance: 1000 (100,00%) -- Ticket Income 215 000 $
Game was played at the Bouch Garden.
Total Attendance: 20500 (100,00%)
Total Ticket Income: 1 550 000 $
Other Income: 465 000 $
Total Income: 2 015 000 $

ANCHORAGE ACES

5 vs 5 Forward 
   Center                   Left Wing                Right Wing               Time % Phy DF OF 
 1 Nathan MacKinnon         Connor McDavid           Joonas Donskoi           36     0   1  4  
 2 Leon Draisaitl           Chris Kreider            Jakob Silfverberg        34     1   2  2  
 3 Tyler Bozak              Frank Vatrano            Josh Archibald           25     1   3  1  
 4 Nate Thompson            Andrew Cogliano          Cal Clutterbuck          5      1   2  2  

5 vs 5 Defense 
   Defense                  Defense                                           Time % Phy DF OF 
 1 Jacob Trouba             Ryan Suter                                        33     1   2  2  
 2 Darnell Nurse            Deryk Engelland                                   33     1   2  2  
 3 Niklas Hjalmarsson       Ben Chiarot                                       33     1   3  1  
 4 Ryan Suter               Jacob Trouba                                      1      1   3  1  

PowerPlay Forward 
   Center                   Left Wing                Right Wing               Time % Phy DF OF 
 1 Connor McDavid           Chris Kreider            Leon Draisaitl           55     0   1  4  
 2 Nathan MacKinnon         Frank Vatrano            Jakob Silfverberg        45     0   1  4  

PowerPlay Defense
   Defense                  Defense                                           Time % Phy DF OF 
 1 Ryan Suter               Jacob Trouba                                      55     1   2  2  
 2 Darnell Nurse            Ben Chiarot                                       45     1   2  2  

Penalty Kill 4 Players Forward 
   Center                   Wing                     Time % Phy DF OF 
 1 Tyler Bozak              Jakob Silfverberg        55     1   2  2  
 2 Nate Thompson            Josh Archibald           45     1   2  2  

Penalty Kill 4 Players Defense
   Defense                  Defense                  Time % Phy DF OF 
 1 Niklas Hjalmarsson       Deryk Engelland          55     1   3  1  
 2 Ben Chiarot              Jacob Trouba             45     1   3  1  

Penalty Kill - 3 Players Forward 
   Forward                                           Time % Phy DF OF 
 1 Tyler Bozak                                       55     0   5  0  
 2 Nate Thompson                                     45     0   5  0  

Penalty Kill - 3 Players Defense
   Defense                  Defense                  Time % Phy DF OF 
 1 Niklas Hjalmarsson       Deryk Engelland          55     1   4  0  
 2 Darnell Nurse            Ben Chiarot              45     1   4  0  

4 vs 4 Forward 
   Center                   Wing                     Time % Phy DF OF 
 1 Nathan MacKinnon         Connor McDavid           55     1   2  2  
 2 Leon Draisaitl           Tyler Bozak              45     1   2  2  

4 vs 4 Defense
   Defense                  Defense                  Time % Phy DF OF 
 1 Ryan Suter               Jacob Trouba             55     1   2  2  
 2 Darnell Nurse            Ben Chiarot              45     1   2  2  

Last Minutes Offensive
   Center                   Left Wing                Right Wing               Defense                  Defense                  
   Nathan MacKinnon         Leon Draisaitl           Connor McDavid           Ryan Suter               Jacob Trouba             

Last Minutes Defensive
   Center                   Left Wing                Right Wing               Defense                  Defense                  
   Nathan MacKinnon         Leon Draisaitl           Jakob Silfverberg        Niklas Hjalmarsson       Jacob Trouba             

Goaltenders
Starting : Martin Jones             
Backup : James Reimer             

Extra Forwards
Normal : Tyler Bozak, Nathan MacKinnon, Cal Clutterbuck - PP : Nathan MacKinnon, Nate Thompson - PK : Cal Clutterbuck
Extra Defensemen
Normal : Deryk Engelland, Ben Chiarot, Darnell Nurse - PP : Deryk Engelland - PK : Ben Chiarot, Darnell Nurse
Penalty Shots
Connor McDavid, Nathan MacKinnon, Leon Draisaitl, Chris Kreider, Jakob Silfverberg
Custom OT Lines Forwards
Nathan MacKinnon, Connor McDavid, Leon Draisaitl, Chris Kreider, Jakob Silfverberg, Tyler Bozak, Joonas Donskoi, Nate Thompson, Cal Clutterbuck, Josh Archibald
Custom OT Lines Defensemen
Ryan Suter, Jacob Trouba, Darnell Nurse, Ben Chiarot, Niklas Hjalmarsson

Scratches
Braden Christoffer (Healthy), Brendan Woods (Healthy), Frank Hora (Healthy), Jonathan Racine (Healthy), Reid Gardiner (Healthy)
Tom Kuhnhackl (Healthy)

ANAHEIM OUTLAWS

5 vs 5 Forward 
   Center                   Left Wing                Right Wing               Time % Phy DF OF 
 1 Garnet Hathaway          Michael Rasmussen        John Tavares             29     1   1  3  
 2 Kevin Fiala              Nicholas Ritchie         Matt Duchene             29     1   2  2  
 3 Adrian Kempe             Jonathan Drouin          Frederik Gauthier        25     1   2  2  
 4 Jonathan Audy-MarchessaulJohn Tavares             Ryan Callahan            17     1   3  1  

5 vs 5 Defense 
   Defense                  Defense                                           Time % Phy DF OF 
 1 Mark Borowiecki          Maxime Lajoie                                     35     1   2  2  
 2 Keith Yandle             Robert Bortuzzo                                   35     1   2  2  
 3 Morgan Rielly            Duncan Keith                                      20     1   4  0  
 4 Duncan Keith             Morgan Rielly                                     10     1   2  2  

PowerPlay Forward 
   Center                   Left Wing                Right Wing               Time % Phy DF OF 
 1 Garnet Hathaway          John Tavares             Kevin Fiala              50     0   1  4  
 2 Ryan Callahan            Michael Rasmussen        Jonathan Drouin          50     0   1  4  

PowerPlay Defense
   Defense                  Defense                                           Time % Phy DF OF 
 1 Duncan Keith             Keith Yandle                                      50     1   1  3  
 2 Robert Bortuzzo          Morgan Rielly                                     50     1   1  3  

Penalty Kill 4 Players Forward 
   Center                   Wing                     Time % Phy DF OF 
 1 Michael Rasmussen        Jonathan Drouin          50     1   4  0  
 2 John Tavares             Ryan Callahan            50     1   4  0  

Penalty Kill 4 Players Defense
   Defense                  Defense                  Time % Phy DF OF 
 1 Robert Bortuzzo          Keith Yandle             50     1   4  0  
 2 Morgan Rielly            Maxime Lajoie            50     1   4  0  

Penalty Kill - 3 Players Forward 
   Forward                                           Time % Phy DF OF 
 1 Michael Rasmussen                                 55     1   2  2  
 2 Ryan Callahan                                     45     1   2  2  

Penalty Kill - 3 Players Defense
   Defense                  Defense                  Time % Phy DF OF 
 1 Mark Borowiecki          Morgan Rielly            55     1   2  2  
 2 Keith Yandle             Robert Bortuzzo          45     1   2  2  

4 vs 4 Forward 
   Center                   Wing                     Time % Phy DF OF 
 1 John Tavares             Michael Rasmussen        50     1   2  2  
 2 Ryan Callahan            Jonathan Drouin          50     1   2  2  

4 vs 4 Defense
   Defense                  Defense                  Time % Phy DF OF 
 1 Keith Yandle             Morgan Rielly            50     1   2  2  
 2 Robert Bortuzzo          Duncan Keith             50     1   2  2  

Last Minutes Offensive
   Center                   Left Wing                Right Wing               Defense                  Defense                  
   Kevin Fiala              Michael Rasmussen        John Tavares             Robert Bortuzzo          Mark Borowiecki          

Last Minutes Defensive
   Center                   Left Wing                Right Wing               Defense                  Defense                  
   Garnet Hathaway          Jonathan Drouin          Michael Rasmussen        Maxime Lajoie            Keith Yandle             

Goaltenders
Starting : Mackenzie Blackwood      
Backup : Matthew Murray           

Extra Forwards
Normal : Michael Rasmussen, John Tavares, Ryan Callahan - PP : Ryan Callahan, Michael Rasmussen - PK : Ryan Callahan
Extra Defensemen
Normal : Keith Yandle, Morgan Rielly, Robert Bortuzzo - PP : Keith Yandle - PK : Morgan Rielly, Keith Yandle
Penalty Shots
Jonathan Drouin, Ryan Callahan, Kevin Fiala, John Tavares, Michael Rasmussen
Custom OT Lines Forwards
Michael Rasmussen, Garnet Hathaway, John Tavares, Kevin Fiala, Matt Duchene, Ryan Callahan, Jonathan Audy-Marchessault, Nicholas Ritchie, Jonathan Drouin, Adrian Kempe
Custom OT Lines Defensemen
Keith Yandle, Morgan Rielly, Maxime Lajoie, Robert Bortuzzo, Mark Borowiecki

Scratches
Brett Pollock (Healthy), Cole Bardreau (Healthy), Joe Hicketts (Healthy), Michael Grabner (Healthy), Logan Shaw (Healthy)
Richard Panik (Sprained Right Finger Injury), Mike Condon (Healthy)

% Time on Ice - ANCHORAGE ACES

Lines # - Real PCT - Wanted PCT - Time Play
Normal Forward
1 - 32% - 36% - 15:13
2 - 30% - 34% - 14:26
3 - 22% - 25% - 10:37
4 - 16% - 5% - 7:25
Normal Defense
1 - 31% - 33% - 14:35
2 - 34% - 33% - 16:19
3 - 33% - 33% - 15:50
4 - 2% - 1% - 0:57
PP Forward
1 - 59% - 55% - 1:25
2 - 41% - 45% - 0:59
PP Defense
1 - 59% - 55% - 1:25
2 - 41% - 45% - 0:59
PK Forward
1 - 63% - 55% - 6:12
2 - 37% - 45% - 3:43
PK Defense
1 - 50% - 55% - 4:57
2 - 50% - 45% - 4:58
PK3 Forward
1 - 0% - 55%
2 - 0% - 45%
PK3 Defense
1 - 0% - 55%
2 - 0% - 45%
44 Forward
1 - 50% - 55% - 0:47
2 - 50% - 45% - 0:47
44 Defense
1 - 50% - 55% - 0:47
2 - 50% - 45% - 0:47
Last Minute Offensive  - 0:00
Last Minute Defensive  - 0:00
Total
Forward - 61:34
Defense - 61:34

% Time on Ice - ANAHEIM OUTLAWS

Lines # - Real PCT - Wanted PCT - Time Play
Normal Forward
1 - 23% - 29% - 11:11
2 - 35% - 29% - 16:40
3 - 29% - 25% - 13:56
4 - 12% - 17% - 5:54
Normal Defense
1 - 35% - 35% - 16:42
2 - 32% - 35% - 15:15
3 - 22% - 20% - 10:31
4 - 11% - 10% - 5:13
PP Forward
1 - 49% - 50% - 4:51
2 - 51% - 50% - 5:04
PP Defense
1 - 59% - 50% - 5:52
2 - 41% - 50% - 4:03
PK Forward
1 - 42% - 50% - 1:00
2 - 58% - 50% - 1:24
PK Defense
1 - 55% - 50% - 1:19
2 - 45% - 50% - 1:05
PK3 Forward
1 - 56% - 55% - 0:53
2 - 44% - 45% - 0:41
PK3 Defense
1 - 52% - 55% - 0:49
2 - 48% - 45% - 0:45
44 Forward
1 - 0% - 50%
2 - 0% - 50%
44 Defense
1 - 0% - 50%
2 - 0% - 50%
Last Minute Offensive  - 0:00
Last Minute Defensive  - 0:00
Total
Forward - 61:34
Defense - 61:34

Play-by-Play

1st period


0:01 of 1st period - Nathan MacKinnon wins face-off versus Garnet Hathaway in neutral zone.
1:23 of 1st period - Shot by Kevin Fiala.
1:23 of 1st period - Shot Misses the Net.
1:56 of 1st period - Chris Kreider is hit by Duncan Keith and loses puck.
2:04 of 1st period - Icing by Morgan Rielly.
2:05 of 1st period - Adrian Kempe wins face-off versus Tyler Bozak in ANAHEIM OUTLAWS zone.
2:55 of 1st period - Shot by John Tavares.
2:55 of 1st period - Stopped by Martin Jones without a rebound.
2:56 of 1st period - Nate Thompson wins face-off versus Jonathan Audy-Marchessault in ANCHORAGE ACES zone.
2:56 of 1st period - Nate Thompson is hit by Ryan Callahan.
4:40 of 1st period - Shot by Jakob Silfverberg.
4:40 of 1st period - Shot Blocked by Matt Duchene.
6:00 of 1st period - Icing by Ryan Suter.
6:01 of 1st period - Jonathan Audy-Marchessault wins face-off versus Tyler Bozak in ANCHORAGE ACES zone.
6:14 of 1st period - Shot by Jonathan Audy-Marchessault.
6:14 of 1st period - Stopped by Martin Jones without a rebound.
6:15 of 1st period - Leon Draisaitl wins face-off versus Garnet Hathaway in ANCHORAGE ACES zone.
6:15 of 1st period - Leon Draisaitl is hit by Garnet Hathaway.
6:40 of 1st period - Shot by John Tavares.
6:40 of 1st period - Stopped by Martin Jones without a rebound.
6:41 of 1st period - Tyler Bozak wins face-off versus Kevin Fiala in ANCHORAGE ACES zone.
6:48 of 1st period - Shot by Josh Archibald.
6:48 of 1st period - Deflect By Tyler Bozak.
6:48 of 1st period - Shot Misses the Net.
7:00 of 1st period - Shot by Matt Duchene.
7:00 of 1st period - Stopped by Martin Jones without a rebound.
7:01 of 1st period - Adrian Kempe wins face-off versus Nathan MacKinnon in ANCHORAGE ACES zone.
7:01 of 1st period - Adrian Kempe is hit by Ben Chiarot.
7:14 of 1st period - Connor McDavid is hit by Keith Yandle and loses puck.
7:53 of 1st period - Icing by Keith Yandle.
7:54 of 1st period - Adrian Kempe wins face-off versus Chris Kreider in ANAHEIM OUTLAWS zone.
7:54 of 1st period - Jonathan Drouin is hit by Chris Kreider and loses puck.
8:28 of 1st period - Icing by Maxime Lajoie.
8:29 of 1st period - Garnet Hathaway wins face-off versus Tyler Bozak in ANAHEIM OUTLAWS zone.
9:10 of 1st period - Shot by Frank Vatrano.
9:10 of 1st period - Shot Misses the Net.
9:40 of 1st period - Darnell Nurse is hit by Nicholas Ritchie and loses puck.
9:57 of 1st period - Shot by Nicholas Ritchie.
9:57 of 1st period - Shot Hit the Post.
9:59 of 1st period - Shot by Morgan Rielly.
9:59 of 1st period - Shot Misses the Net.
10:26 of 1st period - Jonathan Drouin is hit by Ryan Suter and loses puck.
10:29 of 1st period - Shot by Adrian Kempe.
10:29 of 1st period - Shot Misses the Net.
10:31 of 1st period - Shot by Adrian Kempe.
10:31 of 1st period - Shot Misses the Net.
10:33 of 1st period - Shot by Jonathan Drouin.
10:33 of 1st period - Stopped by Martin Jones without a rebound.
10:34 of 1st period - Leon Draisaitl wins face-off versus Jonathan Audy-Marchessault in ANCHORAGE ACES zone.
10:54 of 1st period - Shot by Leon Draisaitl.
10:54 of 1st period - Shot Blocked by Ryan Callahan.
11:02 of 1st period - Shot by Jakob Silfverberg.
11:02 of 1st period - Shot Misses the Net.
11:04 of 1st period - Shot by Jakob Silfverberg.
11:04 of 1st period - Stopped by Mackenzie Blackwood without a rebound.
11:05 of 1st period - Nathan MacKinnon wins face-off versus Kevin Fiala in ANAHEIM OUTLAWS zone.
11:58 of 1st period - Icing by Morgan Rielly.
11:59 of 1st period - Leon Draisaitl wins face-off versus Kevin Fiala in ANAHEIM OUTLAWS zone.
12:00 of 1st period - Shot by Chris Kreider.
12:00 of 1st period - Shot Misses the Net.
12:05 of 1st period - Minor Penalty to Jakob Silfverberg for High sticking.
12:06 of 1st period - Tyler Bozak wins face-off versus Ryan Callahan in ANCHORAGE ACES zone.
12:21 of 1st period - Shot by Keith Yandle.
12:21 of 1st period - Shot Misses the Net.
14:11 of 1st period - Jakob Silfverberg is hit by Frederik Gauthier.
16:41 of 1st period - Shot by Tyler Bozak.
16:41 of 1st period - Shot Misses the Net.
17:19 of 1st period - Darnell Nurse is hit by Duncan Keith and loses puck.
17:22 of 1st period - Shot by Cal Clutterbuck.
17:22 of 1st period - Shot Misses the Net.
17:24 of 1st period - Shot by Darnell Nurse.
17:24 of 1st period - Stopped by Mackenzie Blackwood with a rebound.
17:26 of 1st period - Shot by Darnell Nurse.
17:26 of 1st period - Stopped by Mackenzie Blackwood with a rebound.
17:41 of 1st period - Niklas Hjalmarsson is hit by Duncan Keith and loses puck.
17:57 of 1st period - Shot by Leon Draisaitl.
17:57 of 1st period - Stopped by Mackenzie Blackwood with a rebound.
17:59 of 1st period - Shot by Leon Draisaitl.
17:59 of 1st period - Goal by Leon Draisaitl - ANCHORAGE ACES : 1 - ANAHEIM OUTLAWS : 0.
18:00 of 1st period - Kevin Fiala wins face-off versus Nathan MacKinnon in neutral zone.
19:01 of 1st period - Shot by Michael Rasmussen.
19:01 of 1st period - Stopped by Martin Jones with a rebound.
19:04 of 1st period - Minor Penalty to Ryan Suter for Hooking.
19:05 of 1st period - Tyler Bozak wins face-off versus Jonathan Drouin in ANCHORAGE ACES zone.
19:26 of 1st period - Shot by Keith Yandle.
19:26 of 1st period - Stopped by Martin Jones with a rebound.
19:58 of 1st period - Shot by Jakob Silfverberg.
19:58 of 1st period - Shot Blocked by Duncan Keith.
Goals for this period are 1 for ANCHORAGE ACES vs 0 for ANAHEIM OUTLAWS.
Shots for this period are 5 for ANCHORAGE ACES vs 7 for ANAHEIM OUTLAWS.

2nd period


0:01 of 2nd period - Garnet Hathaway wins face-off versus Tyler Bozak in neutral zone.
0:34 of 2nd period - Shot by Morgan Rielly.
0:34 of 2nd period - Stopped by Martin Jones without a rebound.
0:35 of 2nd period - Ryan Callahan wins face-off versus Nate Thompson in ANCHORAGE ACES zone.
0:53 of 2nd period - Shot by Jonathan Drouin.
0:53 of 2nd period - Deflect By Ryan Callahan.
0:53 of 2nd period - Stopped by Martin Jones with a rebound.
1:05 of 2nd period - Shot by Kevin Fiala.
1:05 of 2nd period - Stopped by Martin Jones without a rebound.
1:06 of 2nd period - Nathan MacKinnon wins face-off versus Kevin Fiala in ANCHORAGE ACES zone.
1:12 of 2nd period - Nathan MacKinnon is hit by Mark Borowiecki and loses puck.
1:24 of 2nd period - Nathan MacKinnon is hit by Mark Borowiecki and loses puck.
2:12 of 2nd period - Shot by Adrian Kempe.
2:12 of 2nd period - Shot Blocked by Deryk Engelland.
2:41 of 2nd period - Off-side.
2:42 of 2nd period - Leon Draisaitl wins face-off versus Garnet Hathaway in neutral zone.
2:45 of 2nd period - Shot by Jakob Silfverberg.
2:45 of 2nd period - Shot Misses the Net.
3:29 of 2nd period - Off-side.
3:30 of 2nd period - Tyler Bozak wins face-off versus Kevin Fiala in neutral zone.
3:47 of 2nd period - Shot by Josh Archibald.
3:47 of 2nd period - Shot Blocked by Mark Borowiecki.
4:08 of 2nd period - Minor Penalty to Josh Archibald for Hooking.
4:09 of 2nd period - Tyler Bozak wins face-off versus Ryan Callahan in ANCHORAGE ACES zone.
4:15 of 2nd period - Icing by Morgan Rielly.
4:16 of 2nd period - Ryan Callahan wins face-off versus Tyler Bozak in ANAHEIM OUTLAWS zone.
5:24 of 2nd period - Off-side.
5:25 of 2nd period - Tyler Bozak wins face-off versus Garnet Hathaway in neutral zone.
5:46 of 2nd period - Icing by Keith Yandle.
5:47 of 2nd period - Tyler Bozak wins face-off versus Garnet Hathaway in ANAHEIM OUTLAWS zone.
5:50 of 2nd period - Shot by Tyler Bozak.
5:50 of 2nd period - Stopped by Mackenzie Blackwood with a rebound.
6:17 of 2nd period - Shot by Nathan MacKinnon.
6:17 of 2nd period - Stopped by Mackenzie Blackwood without a rebound.
6:18 of 2nd period - Adrian Kempe wins face-off versus Nathan MacKinnon in ANAHEIM OUTLAWS zone.
6:31 of 2nd period - Shot by Nathan MacKinnon.
6:31 of 2nd period - Stopped by Mackenzie Blackwood without a rebound.
6:32 of 2nd period - Leon Draisaitl wins face-off versus Jonathan Audy-Marchessault in ANAHEIM OUTLAWS zone.
6:33 of 2nd period - Shot by Chris Kreider.
6:33 of 2nd period - Stopped by Mackenzie Blackwood without a rebound.
6:34 of 2nd period - Jonathan Audy-Marchessault wins face-off versus Leon Draisaitl in ANAHEIM OUTLAWS zone.
7:50 of 2nd period - Shot by Adrian Kempe.
7:50 of 2nd period - Shot Misses the Net.
7:52 of 2nd period - Shot by Keith Yandle.
7:52 of 2nd period - Stopped by Martin Jones without a rebound.
7:53 of 2nd period - Kevin Fiala wins face-off versus Nathan MacKinnon in ANCHORAGE ACES zone.
8:02 of 2nd period - Shot by Kevin Fiala.
8:02 of 2nd period - Stopped by Martin Jones without a rebound.
8:03 of 2nd period - Tyler Bozak wins face-off versus Kevin Fiala in ANCHORAGE ACES zone.
8:45 of 2nd period - Shot by Frank Vatrano.
8:45 of 2nd period - Stopped by Mackenzie Blackwood without a rebound.
8:46 of 2nd period - Nathan MacKinnon wins face-off versus Garnet Hathaway in ANAHEIM OUTLAWS zone.
10:14 of 2nd period - Shot by Leon Draisaitl.
10:14 of 2nd period - Shot Misses the Net.
10:16 of 2nd period - Shot by Ben Chiarot.
10:16 of 2nd period - Stopped by Mackenzie Blackwood without a rebound.
10:17 of 2nd period - Tyler Bozak wins face-off versus Kevin Fiala in ANAHEIM OUTLAWS zone.
11:29 of 2nd period - Cal Clutterbuck is hit by Mark Borowiecki and loses puck.
11:32 of 2nd period - Shot by Darnell Nurse.
11:32 of 2nd period - Shot Blocked by Mark Borowiecki.
11:37 of 2nd period - Icing by Frederik Gauthier.
11:38 of 2nd period - Nathan MacKinnon wins face-off versus Adrian Kempe in ANAHEIM OUTLAWS zone.
11:38 of 2nd period - Connor McDavid is hit by Mark Borowiecki and loses puck.
11:49 of 2nd period - Adrian Kempe is hit by Nathan MacKinnon and loses puck.
12:34 of 2nd period - Shot by John Tavares.
12:34 of 2nd period - Deflect By Garnet Hathaway.
12:34 of 2nd period - Shot Misses the Net.
13:21 of 2nd period - Leon Draisaitl is hit by Garnet Hathaway and loses puck.
13:52 of 2nd period - Shot by Matt Duchene.
13:52 of 2nd period - Shot Misses the Net.
14:36 of 2nd period - Shot by Frank Vatrano.
14:36 of 2nd period - Shot Misses the Net.
14:40 of 2nd period - Shot by Josh Archibald.
14:40 of 2nd period - Stopped by Mackenzie Blackwood with a rebound.
14:42 of 2nd period - Shot by Darnell Nurse.
14:42 of 2nd period - Stopped by Mackenzie Blackwood with a rebound.
14:57 of 2nd period - Icing by Duncan Keith.
14:58 of 2nd period - Nate Thompson wins face-off versus Matt Duchene in ANAHEIM OUTLAWS zone.
15:05 of 2nd period - Shot by Andrew Cogliano.
15:05 of 2nd period - Stopped by Mackenzie Blackwood with a rebound.
15:29 of 2nd period - Shot by Jonathan Drouin.
15:29 of 2nd period - Shot Misses the Net.
15:31 of 2nd period - Shot by Maxime Lajoie.
15:31 of 2nd period - Shot Misses the Net.
16:53 of 2nd period - Shot by Chris Kreider.
16:53 of 2nd period - Deflect By Leon Draisaitl.
16:53 of 2nd period - Shot Misses the Net.
18:23 of 2nd period - Shot by Matt Duchene.
18:23 of 2nd period - Shot Misses the Net.
18:37 of 2nd period - Icing by Niklas Hjalmarsson.
18:38 of 2nd period - Tyler Bozak wins face-off versus Garnet Hathaway in ANCHORAGE ACES zone.
18:56 of 2nd period - Minor Penalty to Chris Kreider for Goalie Interference.
18:57 of 2nd period - Tyler Bozak wins face-off versus Garnet Hathaway in ANCHORAGE ACES zone.
19:10 of 2nd period - Shot by Keith Yandle.
19:10 of 2nd period - Shot Blocked by Jakob Silfverberg.
19:12 of 2nd period - Shot by Duncan Keith.
19:12 of 2nd period - Shot Misses the Net.
Goals for this period are 0 for ANCHORAGE ACES vs 0 for ANAHEIM OUTLAWS.
Shots for this period are 9 for ANCHORAGE ACES vs 5 for ANAHEIM OUTLAWS.

3rd period


0:01 of 3rd period - Garnet Hathaway wins face-off versus Tyler Bozak in neutral zone.
0:46 of 3rd period - Off-side.
0:47 of 3rd period - Ryan Callahan wins face-off versus Nate Thompson in neutral zone.
1:00 of 3rd period - Shot by Connor McDavid.
1:00 of 3rd period - Deflect By Nathan MacKinnon.
1:00 of 3rd period - Stopped by Mackenzie Blackwood without a rebound.
1:01 of 3rd period - Adrian Kempe wins face-off versus Nathan MacKinnon in ANAHEIM OUTLAWS zone.
1:01 of 3rd period - Jonathan Drouin is hit by Joonas Donskoi and loses puck.
1:02 of 3rd period - Minor Penalty to Connor McDavid for Roughing.
1:03 of 3rd period - Tyler Bozak wins face-off versus Ryan Callahan in ANCHORAGE ACES zone.
1:24 of 3rd period - Shot by Duncan Keith.
1:24 of 3rd period - Stopped by Martin Jones without a rebound.
1:25 of 3rd period - Tyler Bozak wins face-off versus Garnet Hathaway in ANCHORAGE ACES zone.
2:06 of 3rd period - Shot by Morgan Rielly.
2:06 of 3rd period - Stopped by Martin Jones with a rebound.
2:32 of 3rd period - Shot by Jonathan Drouin.
2:32 of 3rd period - Shot Blocked by Ben Chiarot.
2:40 of 3rd period - Shot by Nate Thompson.
2:40 of 3rd period - Shot Misses the Net.
3:12 of 3rd period - Shot by Nathan MacKinnon.
3:12 of 3rd period - Stopped by Mackenzie Blackwood with a rebound.
3:14 of 3rd period - Shot by Ryan Suter.
3:14 of 3rd period - Stopped by Mackenzie Blackwood without a rebound.
3:15 of 3rd period - Nathan MacKinnon wins face-off versus Adrian Kempe in ANAHEIM OUTLAWS zone.
3:40 of 3rd period - Shot by Jonathan Drouin.
3:40 of 3rd period - Deflect By Adrian Kempe.
3:40 of 3rd period - Shot Blocked by Darnell Nurse.
4:15 of 3rd period - Icing by Keith Yandle.
4:16 of 3rd period - Kevin Fiala wins face-off versus Leon Draisaitl in ANAHEIM OUTLAWS zone.
5:32 of 3rd period - Shot by Frank Vatrano.
5:32 of 3rd period - Shot Misses the Net.
5:34 of 3rd period - Shot by Josh Archibald.
5:34 of 3rd period - Stopped by Mackenzie Blackwood with a rebound.
5:48 of 3rd period - Shot by Tyler Bozak.
5:48 of 3rd period - Goal by Tyler Bozak - ANCHORAGE ACES : 2 - ANAHEIM OUTLAWS : 0.
5:49 of 3rd period - Nate Thompson wins face-off versus Adrian Kempe in neutral zone.
6:03 of 3rd period - Icing by Deryk Engelland.
6:04 of 3rd period - Nate Thompson wins face-off versus Kevin Fiala in ANCHORAGE ACES zone.
6:31 of 3rd period - Shot by Matt Duchene.
6:31 of 3rd period - Stopped by Martin Jones with a rebound.
8:13 of 3rd period - Shot by Adrian Kempe.
8:13 of 3rd period - Deflect By Jonathan Drouin.
8:13 of 3rd period - Goal by Jonathan Drouin - ANCHORAGE ACES : 2 - ANAHEIM OUTLAWS : 1.
8:14 of 3rd period - Leon Draisaitl wins face-off versus Kevin Fiala in neutral zone.
8:19 of 3rd period - Shot by Chris Kreider.
8:19 of 3rd period - Shot Misses the Net.
8:38 of 3rd period - Shot by Matt Duchene.
8:38 of 3rd period - Shot Blocked by Niklas Hjalmarsson.
9:04 of 3rd period - John Tavares is hit by Ben Chiarot and loses puck.
10:13 of 3rd period - Shot by Nathan MacKinnon.
10:13 of 3rd period - Shot Misses the Net.
11:03 of 3rd period - Shot by Josh Archibald.
11:03 of 3rd period - Stopped by Mackenzie Blackwood without a rebound.
11:04 of 3rd period - Tyler Bozak wins face-off versus Jonathan Audy-Marchessault in ANAHEIM OUTLAWS zone.
11:13 of 3rd period - Shot by John Tavares.
11:13 of 3rd period - Shot Misses the Net.
11:16 of 3rd period - Icing by Darnell Nurse.
11:17 of 3rd period - Tyler Bozak wins face-off versus Garnet Hathaway in ANCHORAGE ACES zone.
11:56 of 3rd period - Shot by Connor McDavid.
11:56 of 3rd period - Shot Misses the Net.
11:58 of 3rd period - Shot by Niklas Hjalmarsson.
11:58 of 3rd period - Shot Misses the Net.
12:33 of 3rd period - Shot by Jakob Silfverberg.
12:33 of 3rd period - Stopped by Mackenzie Blackwood without a rebound.
12:34 of 3rd period - Nate Thompson wins face-off versus Matt Duchene in ANAHEIM OUTLAWS zone.
13:12 of 3rd period - Minor Penalty to Nicholas Ritchie for Roughing.
13:13 of 3rd period - John Tavares wins face-off versus Connor McDavid in ANAHEIM OUTLAWS zone.
15:59 of 3rd period - Icing by Mark Borowiecki.
16:00 of 3rd period - Nathan MacKinnon wins face-off versus Kevin Fiala in ANAHEIM OUTLAWS zone.
16:17 of 3rd period - Shot by Connor McDavid.
16:17 of 3rd period - Shot Blocked by Mark Borowiecki.
16:25 of 3rd period - Shot by Nathan MacKinnon.
16:25 of 3rd period - Stopped by Mackenzie Blackwood without a rebound.
16:26 of 3rd period - Garnet Hathaway wins face-off versus Leon Draisaitl in ANAHEIM OUTLAWS zone.
16:50 of 3rd period - Off-side.
16:51 of 3rd period - Tyler Bozak wins face-off versus Adrian Kempe in neutral zone.
17:03 of 3rd period - Shot by Jonathan Drouin.
17:03 of 3rd period - Shot Blocked by Jacob Trouba.
17:25 of 3rd period - Shot by Jonathan Drouin.
17:25 of 3rd period - Goal by Jonathan Drouin - ANCHORAGE ACES : 2 - ANAHEIM OUTLAWS : 2.
17:26 of 3rd period - Leon Draisaitl wins face-off versus Garnet Hathaway in neutral zone.
17:46 of 3rd period - Jakob Silfverberg is hit by Robert Bortuzzo and loses puck.
18:50 of 3rd period - Icing by Ben Chiarot.
18:51 of 3rd period - Nathan MacKinnon wins face-off versus Jonathan Drouin in ANCHORAGE ACES zone.
18:51 of 3rd period - Nathan MacKinnon is hit by Frederik Gauthier.
19:34 of 3rd period - Minor Penalty to Frederik Gauthier for Tripping.
19:35 of 3rd period - Connor McDavid wins face-off versus John Tavares in ANAHEIM OUTLAWS zone.
19:44 of 3rd period - Shot by Leon Draisaitl.
19:44 of 3rd period - Stopped by Mackenzie Blackwood with a rebound.
19:57 of 3rd period - Shot by Chris Kreider.
19:57 of 3rd period - Stopped by Mackenzie Blackwood with a rebound.
Goals for this period are 1 for ANCHORAGE ACES vs 2 for ANAHEIM OUTLAWS.
Shots for this period are 10 for ANCHORAGE ACES vs 5 for ANAHEIM OUTLAWS.

Overtime #1


0:01 of 1st overtime period - Nathan MacKinnon wins face-off versus Michael Rasmussen in neutral zone.
0:04 of 1st overtime period - Shot by Connor McDavid.
0:04 of 1st overtime period - Stopped by Mackenzie Blackwood without a rebound.
0:05 of 1st overtime period - Nathan MacKinnon wins face-off versus Michael Rasmussen in ANAHEIM OUTLAWS zone.
0:28 of 1st overtime period - Shot by Nathan MacKinnon.
0:28 of 1st overtime period - Deflect By Connor McDavid.
0:28 of 1st overtime period - Shot Misses the Net.
0:46 of 1st overtime period - Shot by Connor McDavid.
0:46 of 1st overtime period - Deflect By Nathan MacKinnon.
0:46 of 1st overtime period - Stopped by Mackenzie Blackwood without a rebound.
0:47 of 1st overtime period - Michael Rasmussen wins face-off versus Tyler Bozak in ANAHEIM OUTLAWS zone.
1:00 of 1st overtime period - Shot by Leon Draisaitl.
1:00 of 1st overtime period - Stopped by Mackenzie Blackwood with a rebound.
1:38 of 1st overtime period - Shot by Connor McDavid.
1:38 of 1st overtime period - Shot Misses the Net.
1:58 of 1st overtime period - Shot by Nathan MacKinnon.
1:58 of 1st overtime period - Stopped by Mackenzie Blackwood without a rebound.
1:59 of 1st overtime period - John Tavares wins face-off versus Nathan MacKinnon in ANAHEIM OUTLAWS zone.
2:25 of 1st overtime period - Off-side.
2:26 of 1st overtime period - Leon Draisaitl wins face-off versus Kevin Fiala in neutral zone.
2:28 of 1st overtime period - Off-side.
2:29 of 1st overtime period - Michael Rasmussen wins face-off versus Leon Draisaitl in neutral zone.
4:03 of 1st overtime period - Icing by Jacob Trouba.
4:04 of 1st overtime period - Connor McDavid wins face-off versus Matt Duchene in ANCHORAGE ACES zone.
4:08 of 1st overtime period - Icing by Jacob Trouba.
4:09 of 1st overtime period - Connor McDavid wins face-off versus John Tavares in ANCHORAGE ACES zone.
4:55 of 1st overtime period - Shot by Nathan MacKinnon.
4:55 of 1st overtime period - Shot Misses the Net.
4:57 of 1st overtime period - Shot by Ryan Suter.
4:57 of 1st overtime period - Shot Misses the Net.
Goals for this period are 0 for ANCHORAGE ACES vs 0 for ANAHEIM OUTLAWS.
Shots for this period are 4 for ANCHORAGE ACES vs 0 for ANAHEIM OUTLAWS.

ShootOut


5:00 of 1st overtime period - Round #1.
5:00 of 1st overtime period - ANCHORAGE ACES, Connor McDavid.
5:00 of 1st overtime period - Stopped by Mackenzie Blackwood.
5:00 of 1st overtime period - ANAHEIM OUTLAWS, Jonathan Drouin.
5:00 of 1st overtime period - Shot Misses the Net.
5:00 of 1st overtime period - Round #2.
5:00 of 1st overtime period - ANCHORAGE ACES, Nathan MacKinnon.
5:00 of 1st overtime period - Stopped by Mackenzie Blackwood.
5:00 of 1st overtime period - ANAHEIM OUTLAWS, Ryan Callahan.
5:00 of 1st overtime period - Shot Misses the Net.
5:00 of 1st overtime period - Round #3.
5:00 of 1st overtime period - ANCHORAGE ACES, Leon Draisaitl.
5:00 of 1st overtime period - Stopped by Mackenzie Blackwood.
5:00 of 1st overtime period - ANAHEIM OUTLAWS, Kevin Fiala.
5:00 of 1st overtime period - Goal by Kevin Fiala.


NATHAN
MACKINNON
PHILLIP
DANAULT
CONNOR
MCDAVID

EAST COAST

HOCKEY LEAGUE

  • 25.QUE4CHI5
  • 26.CHA2LIM3
  • 27.TRV2LON3
  • 28.CHW4BAL2
  • 29.PITMAN
  • 30.ATLNHW
  • 31.WORPET
  • 32.RHI